 Dungeon Crawl Stone Soup version 0.17-a0-1741-gd5e8965 (webtiles) character file.

266 poirepourri the Covered (level 6, 33/57 HPs)
             Began as a Deep Dwarf Fighter on Aug 31, 2015.
             Quit the game on level 3 of the Dungeon.
             The game lasted 00:03:19 (1719 turns).

poirepourri the Covered (Deep Dwarf Fighter)        Turns: 1719, Time: 00:03:19

Health: 33/57      AC:  7    Str: 21    XL:     6   Next: 0%
Magic:  6/6        EV:  8    Int:  9    God:
Gold:   92         SH:  9    Dex: 12    Spells: 0 memorised, 5 levels left

rFire  . . .     SeeInvis .     a - +0 war axe
rCold  . . .     Clarity  .     b - +0 scale mail
rNeg   . . .     SustAt   .     c - +0 shield
rPois  .         Gourm    .     (no helmet)
rElec  .         Spirit   .     (no cloak)
rCorr  .         Warding  .     (no gloves)
rMut   .         Stasis   .     (no boots)
MR     .....                    (no amulet)
Stlth  ..........               (no ring)
                                (no ring)

@: non-regenerating, not resistant to hostile enchantments, extremely unstealthy
A: damage resistance, recharge devices, sense surroundings 1, slow healing 3,
spit poison 1
a: Device Recharging, Spit Poison


You were on level 3 of the Dungeon.
You were not hungry.

You visited 1 branch of the dungeon, and saw 3 of its levels.

You collected 92 gold pieces.

Inventory:

Hand weapons
 a - a +0 war axe (weapon)
Armour
 b - a +0 scale mail (worn)
 c - a +0 shield (worn)
Jewellery
 k - an uncursed amulet of resist mutation
Magical devices
 e - a wand of heal wounds (4)
 f - a wand of magic darts (11)
Potions
 d - a potion of might
 h - 2 potions of curing


   Skills:
 + Level 3.7 Fighting
 + Level 3.1 Axes
 + Level 4.7 Armour
 + Level 2.4 Dodging
 + Level 0.3 Stealth
 + Level 4.3 Shields
 + Level 0.3 Evocations


You had 5 spell levels left.
You didn't know any spells.

Dungeon Overview and Level Annotations

Branches:
Dungeon (3/15)

Altars:

Annotations:
D:3 Robin


Innate Abilities, Weirdness & Mutations

You are resistant to damage.
You can recharge devices by infusing magical energy.
You passively map a small area around you.
You do not heal naturally.
You can spit weak poison.


Message History

The bat hits you but does no damage. You block the bat's attack.
The bat misses you.
You miss the bat. You block the bat's attack. The bat barely misses you.
You slash the bat!
You kill the bat!
You open the door. 7 goblins, 3 hobgoblins and Robin come into view.
Robin shouts!
The goblin shouts!
The goblin shouts!
The goblin shouts!
The hobgoblin shouts! x2
The goblin shouts!
Robin roars a battlecry!
The goblins go into a battle-frenzy!
The hobgoblin moves out of view.
Found a silvery potion.
You don't know any spells.
Are you sure you want to abandon this character and quit the game? (Confirm with "yes".)
Okay, then.
Unknown command.
Are you sure you want to abandon this character and quit the game? (Confirm with "yes".)

#.##.######.#######.# #).
#.....†...).........# ###
#####.#...).....#########
#.#.........'.......####
* ,
#.#.......†.########.#.#
#.#.........# #...#
#...........# ##### ,
##..........#* * * ** *
#.......@..# ,
#..###+#g### #. ..g , ,
,, , , g..g.,, ,, *


#.gggg. , * * * *#....g.., #.g...... * #.#+###### * You could see Robin, 2
hobgoblins and 7 goblins.

Vanquished Creatures
  Purgy (D:3)
  Crazy Yiuf (D:3)
  Ijyb (D:3)
  Jessica (D:2)
  5 adders (D:2)
  An ooze (D:3)
  A giant gecko (D:2)
  5 orcs (D:3)
  A giant cockroach (D:1)
  5 hobgoblins
  A ball python (D:3)
  6 bats
  2 giant newts (D:1)
  2 goblins (D:2)
  5 kobolds
  8 rats
46 creatures vanquished.

Notes
Turn   | Place    | Note
--------------------------------------------------------------
     0 | D:1      | poirepourri the Deep Dwarf Fighter began the quest for the Orb.
     0 | D:1      | Reached XP level 1. HP: 20/20 MP: 1/1
   182 | D:1      | Reached XP level 2. HP: 20/27 MP: 2/2
   210 | D:1      | You fall through a shaft!
   599 | D:2      | Reached XP level 3. HP: 15/34 MP: 3/3
   669 | D:2      | Gained mutation: You can spit weak poison. [potion of beneficial mutation]
   761 | D:2      | Noticed Jessica
   776 | D:2      | Killed Jessica
   776 | D:2      | Reached skill level 1 in Dodging
   793 | D:2      | Reached skill level 4 in Armour
   822 | D:2      | Reached XP level 4. HP: 33/42 MP: 4/4
  1254 | D:3      | Noticed Crazy Yiuf
  1265 | D:3      | Killed Crazy Yiuf
  1265 | D:3      | Reached XP level 5. HP: 33/49 MP: 5/5
  1307 | D:3      | Noticed Ijyb
  1327 | D:3      | Killed Ijyb
  1635 | D:3      | Noticed Purgy
  1653 | D:3      | Killed Purgy
  1673 | D:3      | Reached XP level 6. HP: 33/57 MP: 6/6
  1718 | D:3      | Noticed Robin
  1719 | D:3      | Quit the game

Vault maps used:
D:1:      minmay_arrival_doors
D:2:      mumra_celtic_spiral_tile, minivault_11, uniq_jessica
D:3:      uniq_robin, uniq_crazy_yiuf_cottage, uniq_iyjb, uniq_purgy

Action                   |  1- 3 |  4- 6 || total
-------------------------+-------+-------++-------
Melee: War axe           |    96 |    71 ||   167
Evoke: Wand              |     1 |     4 ||     5
  Use: Scroll            |     3 |     1 ||     4
       Potion            |     1 |     3 ||     4
  Eat: Bread ration      |       |     1 ||     1
